 Dungeon Crawl Stone Soup version 0.25-a0-734-g73332aeda9 (webtiles) character file.

Game seed: 14177337262641462854, levelgen mode: deterministic

68 mortelune the Skirmisher (level 4, -1/37 HPs)
             Began as a Formicid Abyssal Knight on Apr 10, 2020.
             Was a Follower of Lugonu.
             Slain by a gnoll
             ... wielding a +0 halberd
              (14 damage)
             ... on level 1 of the Dungeon.
             The game lasted 00:04:02 (1591 turns).

mortelune the Skirmisher (Formicid Abyssal Knight)  Turns: 1591, Time: 00:04:03

Health: -1/37      AC:  3    Str: 17    XL:     4   Next: 41%
Magic:  6/6        EV: 11    Int: 12    God:    Lugonu [*.....]
Gold:   144        SH:  3    Dex: 10    Spells: 3/3 levels left

rFire    . . .     SeeInvis +   a - +1 mace
rCold    . . .     Gourm    .   f - +0 buckler
rNeg     . . .     Faith    .   b - +0 leather armour
rPois    .         Spirit   .   (helmet unavailable)
rElec    .         Reflect  .   (no cloak)
rCorr    .         Harm     .   (no gloves)
MR       .....                  (no boots)
Stlth    +.........             (no amulet)
HPRegen  0.12/turn              (no ring)
MPRegen  0.10/turn              (no ring)

@: no status effects
A: permanent stasis, dig shafts and tunnels, four strong arms, antennae 3
a: Dig, Shaft Self, Depart the Abyss, Renounce Religion


You were on level 1 of the Dungeon.
You worshipped Lugonu.
Lugonu was aware of your devotion.
You were not hungry.

You visited 1 branch of the dungeon, and saw 2 of its levels.
You visited the Abyss 1 time.

You collected 144 gold pieces.

Inventory:

Hand Weapons
 a - a +1 mace (weapon)
Missiles
 e - 55 stones (quivered)
Armour
 b - a +0 leather armour (worn)
 f - a +0 buckler (worn)
Scrolls
 d - 3 scrolls of teleportation {unknown}
 g - a scroll of identify {unknown}
 l - a scroll of enchant armour {unknown}
 m - a scroll of immolation {unknown}
 n - a scroll of blinking {unknown}
Potions
 h - a potion of lignification {unknown}
 j - a potion of heal wounds {unknown}
 k - 2 potions of berserk rage {unknown}
Comestibles
 c - 2 rations
 i - 2 chunks of flesh


   Skills:
 + Level 3.7 Fighting
 * Level 3.0 Maces & Flails
 + Level 2.8 Armour
 - Level 0.8 Dodging
 + Level 1.0 Shields
 + Level 2.9 Invocations


You had 3 spell levels left.
You didn't know any spells.
Your spell library was empty.

Dungeon Overview and Level Annotations

Branches:
Dungeon (2/15)

Altars:
Ashenzari


Innate Abilities, Weirdness & Mutations

You cannot be hasted, slowed, berserked, paralysed or teleported.
You can dig through walls and to a lower floor.
Your four strong arms can wield two-handed weapons with a shield.
You have a pair of large antennae on your head. (SInv)


Message History

The gnoll hits the plant with a +0 halberd.
There is an open gate here.
Throwing (i - inventory)
e - 56 stones (quivered)
Press: ? - help, Shift-Dir - straight line, f - gnoll
Aim: a gnoll, wielding a +0 halberd and wearing a +0 leather armour You throw a stone.
The stone hits the gnoll but does no damage.
The gnoll barely misses you. The gnoll hits you with a +0 halberd.
You hit the gnoll but do no damage. The gnoll hits you with a +0 halberd!
You hit the gnoll.
The gnoll is moderately wounded.
The gnoll hits you with a +0 halberd!
You hit the gnoll.
The gnoll is almost dead.
The gnoll closely misses you.
You barely miss the gnoll.
The gnoll is almost dead.
The gnoll hits you with a +0 halberd!
You die...

######################
#≈≈≈≈≈≈≈≈≈≈≈≈≈≈≈≈≈≈≈≈≈
#≈≈≈≈≈≈≈≈≈≈≈≈≈≈≈≈≈≈≈≈≈
#≈≈≈≈(≈≈≈≈≈≈≈.≈≈≈≈≈≈≈≈
#≈≈...≈≈..≈≈..≈..≈.≈≈≈
#########...................≈≈
#......##...♣................≈
#.####.##P....................
#.# #.##♣...@gP...)......P... #.#
#.##P##...##.♣♣P.P♣......
####.####.#####'''#########♣.♣...
..............>....)......#P.....
####.######...#....##.#.#.#......
#.# #..÷......#.#.#.#P..... #.#
#.........#.#.#.#......
####.########.............#♣♣....
......##....#....[....#.### ♣♣...


You could see a gnoll.

Vanquished Creatures
  3 adders (D:2)
  3 dart slugs (D:1)
  A leopard gecko (D:1)
  5 bats
  3 giant cockroaches
  7 goblins
  3 hobgoblins (D:1)
  3 kobolds
  2 frilled lizards
  4 rats
34 creatures vanquished.

Notes
Turn   | Place    | Note
-------+----------+-------------------------------------------
     0 | Abyss:1  | mortelune the Formicid Abyssal Knight began the quest for
                  | the Orb.
     0 | Abyss:1  | Reached XP level 1. HP: 18/18 MP: 2/2
    38 | Abyss:1  | Noticed a quasit
    39 | D:1      | Escaped the Abyss
    77 | D:1      | Reached * piety under Lugonu
   103 | D:1      | Reached XP level 2. HP: 23/24 MP: 3/3
   412 | D:1      | Reached XP level 3. HP: 28/29 MP: 4/4
   638 | D:2      | Found a shattered altar of Ashenzari.
   804 | D:2      | Reached XP level 4. HP: 32/37 MP: 6/6
   986 | D:2      | Reached skill level 1 in Shields
  1591 | D:1      | Slain by a gnoll

Levels and vault maps discovered:
D:1:      kennysheep_arrival_seaside, layout_basic, serial_glass,
          glass_columns_a, glass_columns_c
D:2:      layout_basic, evilmike_ruin_ashenzari, minmay_close_crescents

Skill      XL: |  1  2  3  4 |
---------------+-------------+-----
Maces & Flails | 3 |  3.0
Shields        | 1 |  1.0
Fighting       | |  3.7
Armour         | |  2.8
Dodging        | |  0.8
Invocations    | |  2.9

Action                   |  1- 3 |  4- 6 || total
-------------------------+-------+-------++-------
Melee: Mace              |    71 |    33 ||   104
Throw: Stone             |     5 |    15 ||    20
Invok: Depart the Abyss  |     1 |       ||     1
  Eat: Chunk             |       |     2 ||     2
Armor: Leather armour    |    16 |    14 ||    30
Dodge: Dodged            |    46 |    26 ||    72
Block: Buckler           |     5 |     5 ||    10

Table legend:
 A = Non-vault XP
 B = Vault XP
 C = Vault XP percentage of total XP
 D = Non-vault monster count
 E = Vault monster count
 F = Vault count percentage of total count
                 A         B        C        D         E       F
            +---------+---------+-------+---------+---------+-------
      Total |      98 |       0 |   0.0 |      34 |       0 |   0.0
            +---------+---------+-------+---------+---------+-------
        D:1 |      45 |       0 |   0.0 |      23 |       0 |   0.0
        D:2 |      53 |       0 |   0.0 |      11 |       0 |   0.0
            +---------+---------+-------+---------+---------+-------
